AoeStats
← Hamza Khan

Arena

507829185Analyzed
4v4 RM · 13d ago on Sep 19, 2026· 57m 51s· 8 players
Game mode
Random Map
Map size
Large (8 player)
Population
200
Speed
Normal
Resources
Standard
Victory
Conquest
Starting age
Dark Age
Ending age
Imperial Age
RankedLock teamsTeams togetherTeam positionsShared explorationLock speedFull tech treeHidden civsTurbo modeCheats
Victory
Defeat
🇹🇷 Malians · Türkiye
970
+13
🇮🇳 Hindustanis · India
966
+14
🇮🇳 Teutons · India
966
+14
🇨🇭 Portuguese · Switzerland
960
+14
🇹🇷 Khmer · Türkiye
951
-16
🇸🇪 Burgundians · Sweden
916
-14
🇩🇪 Ethiopians · Germany
899
-13
🇩🇪 Britons · Germany
882
-12
Hamza Khan
0:29 Loom
8:40 Double-Bit Axe
11:47 Feudal Age
10:10 Horse Collar
13:16 Bow Saw
14:02 Wheelbarrow
14:03 Heavy Plow
18:50 Castle Age
17:28 Stone Mining
17:30 Gold Mining
19:24 Stone Shaft Mining
19:43 Pikeman
21:02 Hand Cart
23:09 Gold Shaft Mining
26:24 Two-Man Saw
26:00 Crop Rotation
31:32 Imperial Age
30:25 Arson
30:41 Squires
30:03 Elite Skirmisher
31:37 Forging
31:28 Scale Mail Armor
31:34 Scale Barding Armor
31:19 Town Watch
32:10 Halberdier
35:12 Chemistry
35:11 Caravan
38:46 Padded Archer Armor
38:36 Fletching
39:22 Iron Casting
40:06 Fortified Wall
39:37 Treadmill Crane
40:20 Chain Barding Armor
40:17 Leather Archer Armor
40:36 Conscription
44:37 Bodkin Arrow
45:17 Plate Barding Armor
44:58 Chain Mail Armor
45:43 Blast Furnace
44:47 Elite Coustillier
45:33 Burgundian Vineyards
48:33 Town Patrol
53:46 Plate Mail Armor
53:17 Bracer
55:35 Flemish Revolution
Hoplites
4:49 Loom
10:35 Feudal Age
15:06 Castle Age
13:07 Double-Bit Axe
15:00 Horse Collar
17:00 Bow Saw
20:12 Heavy Plow
21:59 Stone Mining
25:34 Wheelbarrow
25:17 Gold Mining
27:11 Gold Shaft Mining
27:31 Hand Cart
30:45 Caravan
33:25 Imperial Age
30:51 Town Watch
31:30 Ballistics
32:45 Fletching
32:55 Padded Archer Armor
34:41 Leather Archer Armor
34:21 Bodkin Arrow
35:39 Chemistry
34:50 Town Patrol
35:22 Conscription
35:10 Elite Longbowman
37:58 Yeomen
38:12 Ring Archer Armor
37:44 Bracer
37:29 Cavalier
38:23 Forging
38:20 Scale Barding Armor
41:27 Chain Barding Armor
41:45 Iron Casting
44:50 Plate Barding Armor
45:20 Blast Furnace
Macholdi
0:35 Loom
11:57 Feudal Age
13:38 Wheelbarrow
12:52 Double-Bit Axe
12:51 Horse Collar
13:05 Gold Mining
16:49 Stone Mining
22:52 Castle Age
22:50 Padded Archer Armor
22:41 Fletching
24:21 Hand Cart
24:20 Bow Saw
23:42 Crossbowman
25:10 Heavy Plow
25:50 Gold Shaft Mining
25:52 Stone Shaft Mining
28:16 Town Watch
31:53 Royal Heirs
38:26 Imperial Age
36:19 Scale Barding Armor
36:24 Forging
37:09 Thumb Ring
37:55 Light Cavalry
38:36 Husbandry
39:04 Hussar
40:58 Chain Barding Armor
41:14 Iron Casting
43:07 Cavalier
45:33 Two-Man Saw
ChuckMawHinneyS
10:38 Feudal Age
11:09 Horse Collar
11:21 Double-Bit Axe
16:29 Castle Age
14:43 Stone Mining
18:38 Bow Saw
19:44 Stone Shaft Mining
19:40 Heavy Plow
20:38 Wheelbarrow
22:33 Gold Mining
22:48 Loom
28:56 Imperial Age
27:41 Gold Shaft Mining
28:04 Hand Cart
29:01 Town Watch
29:08 Fletching
29:42 Ballistics
29:27 Padded Archer Armor
30:05 Double Crossbow
30:13 Heavy Scorpion
32:22 Chemistry
31:32 Masonry
32:35 Conscription
33:08 Forging
33:04 Scale Barding Armor
34:34 Bloodlines
34:25 Husbandry
33:45 Light Cavalry
35:13 Chain Barding Armor
35:29 Iron Casting
37:03 Plate Barding Armor
38:11 Siege Engineers
38:08 Hussar
40:58 Blast Furnace
42:37 Bodkin Arrow
42:57 Leather Archer Armor
45:51 Scale Mail Armor
Roarindragon381
0:38 Loom
11:37 Feudal Age
12:01 Horse Collar
12:07 Double-Bit Axe
12:14 Gold Mining
20:29 Castle Age
18:41 Stone Mining
19:51 Forging
19:48 Scale Barding Armor
23:07 Wheelbarrow
22:45 Bow Saw
29:24 Imperial Age
29:35 Hand Cart
29:06 Town Watch
32:40 Town Patrol
33:43 Two-Man Saw
32:45 Heavy Plow
33:26 Stone Shaft Mining
33:54 Chemistry
33:15 Ballistics
33:06 Fortified Wall
33:07 Masonry
33:34 Iron Casting
33:20 Chain Barding Armor
33:16 Cavalier
34:07 Bloodlines
35:05 Blast Furnace
36:16 Plate Barding Armor
36:36 Scale Mail Armor
39:05 Paladin
39:49 Caravan
45:23 Pikeman
46:04 Squires
47:54 Halberdier
49:11 Arson
50:04 Fletching
50:16 Padded Archer Armor
50:06 Gambesons
53:20 Chain Mail Armor
53:03 Bodkin Arrow
53:23 Leather Archer Armor
53:17 Siege Engineers
55:39 Bombard Tower
55:49 Conscription
56:14 Hoardings
57:03 Crenellations
56:06 Elite Teutonic Knight
57:07 Ironclad
datomasra
3:39 Loom
12:21 Feudal Age
16:53 Castle Age
14:52 Double-Bit Axe
18:31 Bow Saw
21:05 Horse Collar
25:56 Wheelbarrow
26:52 Fletching
28:15 Heavy Plow
28:12 Bodkin Arrow
32:24 Imperial Age
30:25 Stone Mining
30:26 Gold Mining
31:13 Caravan
31:06 Treadmill Crane
32:21 Ballistics
32:35 Hand Cart
33:14 Stone Shaft Mining
34:11 Chemistry
34:18 Conscription
36:53 Circumnavigation
40:16 Elite Organ Gun
43:37 Arquebus
Boxster553
1:51 Loom
10:33 Feudal Age
15:52 Castle Age
14:23 Double-Bit Axe
14:24 Horse Collar
17:46 Heavy Plow
19:48 Bow Saw
22:48 Wheelbarrow
21:58 Town Watch
24:30 Gold Mining
24:36 Stone Mining
25:42 Gold Shaft Mining
26:07 Stone Shaft Mining
26:36 Forging
26:26 Scale Mail Armor
27:55 Iron Casting
27:23 Squires
27:08 Arson
28:05 Chain Mail Armor
31:18 Imperial Age
31:20 Hand Cart
31:19 Elite Ghulam
32:44 Town Patrol
33:54 Conscription
38:24 Fletching
39:35 Blast Furnace
40:44 Two-Man Saw
41:24 Bodkin Arrow
42:42 Grand Trunk Road
43:47 Light Cavalry
44:37 Bloodlines
44:29 Husbandry
43:57 Heavy Camel Rider
44:23 Hussar
45:21 Imperial Camel Rider
49:39 Scale Barding Armor
REALITY
10:12 Feudal Age
14:39 Castle Age
12:49 Double-Bit Axe
13:28 Horse Collar
15:51 Bow Saw
19:00 Wheelbarrow
19:14 Stone Mining
21:46 Stone Shaft Mining
21:15 Heavy Plow
22:12 Gold Mining
24:11 Loom
24:44 Hand Cart
24:15 Town Watch
26:41 Gold Shaft Mining
29:21 Imperial Age
29:23 Fletching
29:33 Padded Archer Armor
31:17 Chemistry
30:30 Fortified Wall
30:40 Ballistics
31:26 Conscription
30:47 Elite Gbeto
31:25 Bodkin Arrow
31:46 Leather Archer Armor
31:14 Onager
32:15 Siege Onager
33:53 Crop Rotation
43:55 Husbandry
44:06 Bloodlines
44:05 Scale Barding Armor
44:10 Forging
45:20 Farimba
44:42 Light Cavalry
46:49 Chain Barding Armor
47:04 Iron Casting
48:28 Cavalier
50:45 Plate Barding Armor
Connection lost

Rejoining the realm…

Still unreachable

The connection could not be restored.

Session expired

The server has moved on; the page needs a fresh start.